 Dungeon Crawl Stone Soup version 0.18-a0-1014-g3bbf375 (webtiles) character file.

424 Duffy the Chopper (level 6, -6/51 HPs)
             Began as a Hill Orc Fighter on Jan 6, 2016.
             Mangled by an orc warrior
             ... wielding a +0 glaive
              (13 damage)
             ... on level 5 of the Dungeon.
             The game lasted 00:02:55 (3507 turns).

Duffy the Chopper (Hill Orc Fighter)                Turns: 3507, Time: 00:02:55

Health: -6/51      AC: 17    Str: 19    XL:     6   Next: 96%
Magic:  6/6        EV:  3    Int: 10    God:
Gold:   169        SH:  9    Dex: 15    Spells: 0 memorised, 5 levels left

rFire  . . .     SeeInvis .     a - +0 war axe
rCold  . . .     Gourm    .     I - +0 plate armour
rNeg   . . .     Faith    .     c - +0 shield
rPois  .         Spirit   .     C - +1 helmet "Etyic" {+Fly}
rElec  .         Dismiss  .     (no cloak)
rCorr  .         Reflect  .     p - +0 pair of gloves
SustAt +         Harm     .     K - +0 pair of boots
MR     .....                    (no amulet)
Stlth  ..........               y - +5 ring of dexterity
                                m - ring of sustain attributes

@: not resistant to hostile enchantments, extremely unstealthy
A: no striking features
a: Evoke Flight


You were on level 5 of the Dungeon.
You were not hungry.

You visited 1 branch of the dungeon, and saw 5 of its levels.

You collected 169 gold pieces.


   Skills:
 - Level 3.6 Fighting
 + Level 6.8 Axes
 + Level 6.4 Armour
 - Level 3.2 Shields


You had 5 spell levels left.
You didn't know any spells.

Inventory:

Hand Weapons
 a - a +0 war axe (weapon)
Missiles
 i - 31 poisoned needles
 x - a throwing net (quivered)
Armour
 b - a +0 scale mail
 c - a +0 shield (worn)
 p - a +0 pair of gloves (worn)
 A - a +0 chain mail
 C - the +1 helmet "Etyic" (worn) {+Fly}

   It lets you fly.
 I - a +0 plate armour (worn)
 K - a +0 pair of boots (worn)
Jewellery
 m - a ring of sustain attributes (left hand)
 y - a +5 ring of dexterity (right hand)
 E - an uncursed ring of ice
Scrolls
 j - 2 scrolls of remove curse {unknown}
 k - a scroll of amnesia {unknown}
 o - a scroll of noise {unknown}
 r - a scroll of random uselessness {unknown}
 s - a scroll of enchant armour {unknown}
 v - a scroll of teleportation {unknown}
 B - 3 scrolls of identify {unknown}
 F - a scroll of magic mapping {unknown}
 H - a scroll of fog {unknown}
Potions
 d - 2 potions of might
 e - a potion of haste {unknown}
 g - a potion of invisibility {unknown}
 h - a potion of flight {unknown}
 l - 2 potions of curing {unknown}
 q - a potion of cancellation {unknown}
 u - a potion of lignification {unknown}
 G - a potion of berserk rage {unknown}
 J - 2 potions of degeneration {unknown}
Books
 t - a book of Minor Magic
Comestibles
 f - 3 bread rations
 n - 2 meat rations
 w - 2 slices of pizza
 z - 2 chunks of flesh
 D - a beef jerky

Dungeon Overview and Level Annotations

Branches:
Dungeon (5/15)
 Temple: D:4-7

Altars:


Message History

You are too injured to fight recklessly!
You are too injured to fight recklessly!
You are too injured to fight recklessly!
You are too injured to fight recklessly!
You are too injured to fight recklessly!
You are too injured to fight recklessly!
You are too injured to fight recklessly!
You are too injured to fight recklessly!
You are too injured to fight recklessly!
You are too injured to fight recklessly!
You are too injured to fight recklessly!
You are too injured to fight recklessly!
You are too injured to fight recklessly!
You are too injured to fight recklessly!
You are too injured to fight recklessly!
You are too injured to fight recklessly!
You are too injured to fight recklessly!
You are too injured to fight recklessly!
You are too injured to fight recklessly!
You are too injured to fight recklessly!
You are too injured to fight recklessly!
You hit the orc warrior.
The orc warrior is lightly wounded.
The orc warrior hits you but does no damage.
You hit the orc warrior but do no damage.
The orc warrior is lightly wounded.
The orc warrior hits you with a glaive.
You closely miss the orc warrior.
The orc warrior is lightly wounded.
The orc warrior hits you with a glaive!
You hit the orc warrior.
The orc warrior is lightly wounded.
You block the orc warrior's attack.
The orc warrior hits you from afar with a glaive!
You die...

#.......####.#
#.......'....#
#.......######
#.......#####
#.###.##....#
#......'....#
#####.##....#
# #....#
#@...# #))..#
#..o.## #.#..#
#. ..# #. ...
#. #### #. ..


You could see an orc warrior.

Action                   |  1- 3 |  4- 6 || total
-------------------------+-------+-------++-------
Melee: War axe           |   101 |   171 ||   272
  Eat: Chunk             |     2 |     7 ||     9

Notes
Turn   | Place    | Note
--------------------------------------------------------------
     0 | D:1      | Duffy the Hill Orc Fighter began the quest for the Orb.
     0 | D:1      | Reached XP level 1. HP: 19/19 MP: 1/1
    53 | D:1      | Reached skill level 3 in Axes
   265 | D:1      | Reached XP level 2. HP: 20/26 MP: 2/2
  1132 | D:1      | Reached skill level 4 in Armour
  1132 | D:1      | Reached XP level 3. HP: 31/31 MP: 3/3
  1493 | D:2      | Reached skill level 4 in Axes
  1615 | D:2      | Reached XP level 4. HP: 31/39 MP: 4/4
  2336 | D:3      | Reached skill level 5 in Armour
  2362 | D:3      | Reached XP level 5. HP: 45/45 MP: 5/5
  2364 | D:3      | Noticed Robin
  2392 | D:3      | Reached skill level 5 in Axes
  2405 | D:3      | Killed Robin
  2408 | D:3      | Got a polished helmet
  2414 | D:3      | Identified the +1 helmet "Etyic" {+Fly} (You took it off Robin on level 3 of the Dungeon)
  3016 | D:4      | You fall through a shaft!
  3016 | D:5      | Entered Level 5 of the Dungeon
  3056 | D:5      | Reached XP level 6. HP: 49/51 MP: 6/6
  3238 | D:5      | Noticed an ice beast
  3251 | D:5      | Killed an ice beast
  3251 | D:5      | Reached skill level 6 in Axes
  3251 | D:5      | Reached skill level 6 in Armour
  3489 | D:5      | Noticed an orc warrior
  3507 | D:5      | Mangled by an orc warrior

Vault maps used:
D:1:      dpeg_arrival_connections, serial_bayou_lake_a
D:2:      mrwooster_statue_mirror
D:3:      uniq_robin
D:4:      corexii_shantytown, first_bread

Vanquished Creatures
  An ice beast
  A hound
  2 iguanas
  3 worker ants
  A hound skeleton Robin
  3 adders
  4 gnolls
  An ooze
  2 worms
  A giant gecko
  5 orcs
  6 bats
  4 giant cockroaches
  17 goblins
  11 hobgoblins
  3 quokkas
  2 ball pythons
  A giant newt
  9 kobolds
  4 rats
82 creatures vanquished.
